Map: Apotheosis LE

Players

Gracz

  • Race: Zerg Zerg
  • League: Silver

Lucason - Winner!

  • Race: Zerg Zerg
  • League: Silver

VOD

Have the link to the VOD?

Description

Time

  • Played on: Oct. 11, 2016, 12:50 p.m.
  • Length: 15:35
Show
View Real Time Build Order
Export as new Build Order

Gracz Zerg 

Build Orders: Pool First 

Get SALT Encoding   

  12  0:01  Drone  
  13  0:09  Drone  
  14  0:26  Spawning Pool  
  13  0:31  Drone  
  14  0:39  Overlord  
  14  0:58  Drone x3  
  17  1:18  Zergling x2  
  18  1:22  Zergling x2  
  19  1:31  Zergling x2  
  20  1:46  Drone  
  21  1:50  Extractor  
  21  1:53  Roach Warren  
  21  1:54  Zergling x2  
  20  2:06  Spine Crawler  
  19  2:09  Spine Crawler  
  19  2:10  Spine Crawler  
  17  2:20  Spine Crawler  
  17  2:25  Spine Crawler  
  16  2:45  Zergling x6  
  17  3:06  Queen, Drone  
  19  3:32  Zergling x4  
  21  3:47  Overlord x2  
  18  4:12  Zergling x4  
  20  4:27  Hatchery  
  19  4:35  Drone  
  19  4:36  Drone x3, Hatchery  
  22  5:14  Queen  
  24  5:26  Drone x4  
  24  5:27  Drone  
  29  5:44  Extractor, Drone  
  29  5:45  Drone  
  29  5:47  Drone  
  31  5:50  Drone  
  31  5:51  Drone x2  
  31  5:54  Queen x2  
  40  6:04  Zergling x2  
  40  6:05  Zergling x2  
  39  6:11  Spine Crawler  
  39  6:13  Spine Crawler  
  31  6:36  Spine Crawler  
  26  6:51  Drone x9  
  35  7:00  Overlord  
  35  7:03  Queen, Hatchery  
  36  7:18  Queen  
  8  8:59  Roach  
  8  9:00  Roach x2  
  13  9:10  Zergling x12  
  13  9:15  Zergling x2  
  15  9:38  Lair  
  15  9:43  Queen  
  17  9:46  Drone x3  
  20  9:53  Drone  
  20  9:54  Drone x2  
  23  10:02  Spine Crawler  
  19  10:19  Queen  
  19  10:21  Spine Crawler  
  19  10:27  Drone  
  19  10:28  Drone x5  
  25  10:29  Hatchery  
  24  10:45  Roach x2  
  28  11:02  Roach  
  28  11:03  Roach  
  32  11:05  Drone  
  33  11:19  Drone x3  
  36  11:29  Drone  
  36  11:30  Drone x2  
  39  12:03  Drone x10  
  49  12:31  Overlord  
  49  12:48  Queen x2  
  53  12:59  Spore Crawler  
  53  13:01  Spore Crawler  
  53  13:03  Spore Crawler  
  46  13:30  Spore Crawler  
  43  13:55  Spore Crawler  
  42  14:06  Drone  
  42  14:07  Overlord x2  
  42  14:08  Overlord  
  43  14:15  Queen  
  43  14:25  Queen  
  18  15:30  Spine Crawler  
Show
View Real Time Build Order
Export as new Build Order

Lucason Zerg - Winner!

Build Orders: Pool First 

Get SALT Encoding   

  12  0:08  Drone  
  12  0:10  Drone  
  14  0:28  Spawning Pool  
  13  0:35  Overlord  
  13  0:40  Extractor  
  13  0:41  Drone  
  14  0:50  Drone  
  14  0:57  Drone x2  
  16  1:08  Drone  
  17  1:16  Queen  
  19  1:20  Zergling x2  
  20  1:28  Extractor  
  19  1:37  Zergling x2  
  20  1:52  Hatchery  
  20  1:53  Drone  
  20  2:05  Drone x2  
  21  2:39  Zergling x2  
  21  2:42  Overlord  
  21  2:52  Overlord x2  
  21  3:02  Zergling x4  
  23  3:07  Zergling x2  
  24  3:17  Queen  
  26  3:24  Zergling x6  
  26  3:26  Queen  
  30  3:42  Drone x2  
  30  3:43  Drone x2  
  34  3:53  Drone x2  
  35  4:31  Zergling x8  
  35  4:32  Zergling x2, Drone  
  35  4:36  Metabolic Boost  
  40  4:45  Evolution Chamber  
  40  4:46  Roach Warren, Drone  
  40  4:47  Drone x2  
  40  4:48  Evolution Chamber  
  40  5:06  Drone x5  
  40  5:07  Drone  
  46  5:13  Overlord  
  46  5:32  Lair  
  46  5:40  Zerg Missile Weapons Level 1  
  46  5:41  Zerg Melee Weapons Level 1  
  46  6:02  Hatchery  
  45  6:05  Roach x3  
  45  6:06  Overlord x2  
  41  6:55  Zergling x8  
  41  6:56  Zergling x4  
  47  7:14  Zergling x4  
  49  7:20  Glial Reconstitution  
  49  7:30  Hydralisk Den  
  49  7:31  Spire  
  49  7:33  Spire  
  49  7:34  Zerg Ground Armor Level 1, Zergling x8  
  49  7:35  Zergling x10  
  49  7:36  Roach  
  57  7:49  Burrow  
  57  7:57  Zergling x8  
  57  7:58  Zergling x6  
  60  8:39  Tunneling Claws  
  53  8:51  Mutalisk x2  
  53  8:52  Mutalisk x3  
  63  8:56  Zergling x8  
  63  8:57  Roach  
  65  9:32  Lurker Den  
  65  9:37  Roach x3  
  65  9:38  Roach  
  72  9:40  Overlord x5  
  72  9:53  Extractor  
  72  9:54  Extractor  
  70  10:00  Drone x5  
  70  10:01  Drone  
  76  10:07  Extractor  
  76  10:09  Extractor  
  67  10:19  Zerg Missile Weapons Level 2  
  65  10:42  Drone  
  66  10:43  Drone x7  
  66  10:44  Drone  
  74  11:01  Mutalisk x3  
  80  11:06  Mutalisk x2  
  84  11:11  Zergling x2  
  85  11:19  Zergling x6  
  85  11:20  Zergling x10  
  93  11:33  Corruptor  
  93  11:34  Corruptor x2  
  93  11:38  Zerg Flyer Weapons Level 1  
  99  11:44  Hatchery  
  98  12:05  Mutalisk x2  
  98  12:06  Mutalisk x2  
  106  12:09  Drone x3  
  106  12:10  Drone x4  
  106  12:15  Extractor  
  112  12:16  Extractor  
  112  12:22  Zerg Flyer Armor Level 1  
  111  12:24  Zerg Melee Weapons Level 2  
  111  12:43  Zerg Ground Armor Level 2  
  110  12:55  Roach x3  
  109  13:14  Roach x3  
  109  13:27  Mutalisk x3  
  109  13:28  Mutalisk x2  
  109  13:30  Overlord x4  
  109  13:31  Overlord  
  119  13:50  Roach x2  
  119  13:51  Roach x4  
  109  15:16  Zergling x2  
  109  15:17  Zergling x14  
  109  15:18  Zergling x8  
Tags
 
Add a new tag
Caveats
  • Supply blocks, unpowered buildings, or Contaminate may cause inaccurate times.
  • Supply counts are checked every 10 seconds.